 Dungeon Sprint DCSS version 0.30.0-2-g1aa4bd4387 (webtiles) character file.

Game seed: 3513101985902140086

237 Groucho the Unseen (level 5, 0/36 HPs)
             Began as a Felid Berserker on May 7, 2023.
             Was a Believer of Trog.
             Slain by a centaur warrior (2 damage)
             ... in the Dungeon (Sprint I: "Red Sonja").
             The game lasted 00:00:56 (363 turns).

Groucho the Unseen (Felid Berserker)                 Turns: 363, Time: 00:00:56

Health: 0/36       AC:  2    Str: 13    XL:     5   Next: 77%
Magic:  6/6        EV: 18    Int:  9    God:    Trog [**....]
Gold:   297        SH:  0    Dex: 17    Spells: 4/4 levels left
                                        Lives:  0   Deaths: 1

rFire   . .          .
                       - Unarmed
rCold   . . .        (shield unavailable)
rNeg    . . .        (body armour unavailable)
rPois   .            (helmet unavailable)
rElec   .            (cloak unavailable)
rCorr   .            (gloves unavailable)
SInv    +            (boots unavailable)
Will    .....        (no amulet) Stlth
                     (no ring)
HPRegen 0.26/turn    (no ring)
MPRegen 0.10/turn

%: no teleportation
@: berserking, very quick
A: very small, claws 1, fangs 3, see invisible, speed 1, shaggy fur 2, stealthy
paws, no weapons or thrown items, no armour, multi-lived
a: Renounce Religion, Berserk, Trog's Hand


You were in the Dungeon.
You worshipped Trog.
Trog was pleased with you.
You visited 1 branch You collected 297 gold pieces.

Inventory:

Wands
 g - a wand of mindburst (15)
Scrolls
 f - a scroll of blinking
 h - a scroll of identify {unknown}
 j - a scroll of fear {unknown}
 k - a scroll of torment {unknown}
Potions
 a - 2 potions of curing
 b - a potion of heal wounds
 c - a potion of haste
 d - 2 potions of magic
 e - a potion of berserk rage
 i - 2 potions of mutation {unknown}


   Skills:
 - Level 3.0 Fighting
 - Level 4.0 Dodging
 + Level 19.7 Stealth
 - Level 3.0 Unarmed Combat


You had 4 spell levels left.
You didn't know any spells.
Your spell library was empty.

Dungeon Overview and Level Annotations

Branches:
Dungeon (1/1)

Altars:
Cheibriados
Dithmenos
Elyvilon
Fedhas
Gozag
Hepliaklqana
Kikubaaqudgha
Makhleb
Nemelex Xobeh
Okawaru
Qazlal
Ru
Sif Muna
Trog
Uskayaw
Vehumet
Wu Jian
Xom
Yredelemnul
Zin
The Shining One
Jiyva
Lugonu

Shops:
D *


Innate Abilities, Weirdness & Mutations

You have sharp claws.
You have razor-sharp teeth.
You have supernaturally acute eyesight. (SInv)
You cover ground quickly. (Speed+)
You are covered in thick fur. (AC +2)
Your paws help you pounce on unaware monsters.
You are incapable of wielding weapons or throwing items.
You cannot wear armour.
You gain extra lives every three experience levels.


Message History

You are now level 5!
You rejoin the land of the living...
Found four items.
Unknown command.
Unknown command.
i - 2 smoky pink potions
j - a scroll labelled JUUPSUXKAF You see here a +0 long sword.
k - a scroll labelled LIZEPA PE FALLUK You see here a +0 long sword.
As you open the door, it creaks loudly!
A centaur warrior comes into view.
You hear a shout! x2
A centaur warrior comes into view.
Found a white potion and a ring mail.
A red film seems to cover your vision as you go berserk!
You feel yourself moving faster!
You feel mighty!
The centaur warrior wields a +0 longbow.
The centaur warrior shoots an arrow.
The arrow closely misses you.
You feel a strong urge to attack something.
The centaur warrior unwields a +0 longbow.
The centaur warrior hits you. The centaur warrior closely misses you.
The centaur warrior hits you. The centaur warrior kicks you.
There is an open door, spattered with blood here.
You claw the centaur warrior! You bite the centaur warrior.
The centaur warrior is moderately wounded.
The centaur warrior completely misses you.
The centaur warrior kicks you. The centaur warrior closely misses you.
The centaur warrior kicks you.
You scratch the centaur warrior.
The centaur warrior is moderately wounded.
The centaur warrior hits you!
* * * LOW HITPOINT WARNING * * *
The centaur warrior barely misses you. The centaur warrior hits you.
* * * LOW HITPOINT WARNING * * *
The centaur warrior kicks you but does no damage.
You scratch the centaur warrior.
The centaur warrior is moderately wounded.
The centaur warrior barely misses you. The centaur warrior kicks you.
You die...

##################
<.#.)'..#.)'..#__#
..'..#.)'..#..†J.+
..#####'#####'#__####
..####..#...#[####§[#
..#__####..##(#~~§.§#
..#_____##'#_.+§§§§§+
⌠⌠#_.∩..†'..._#~cc§§#
###_..__##_.#'##@###
#_____###+#.#..).#
####### ####+###


You could see 2 centaur warriors.

Vanquished Creatures
  Sigmund (D)
  A yak (D)
  An ogre (D)
  A jelly (D)
  Ijyb (D)
5 creatures vanquished.

Notes
Turn   | Place    | Note
-------+----------+-------------------------------------------
     0 | D        | Groucho the Felid Berserker began the quest for the Orb.
     0 | D        | Reached XP level 1. HP: 10/10 MP: 2/2
     2 | D        | Noticed Ijyb
     7 | D        | Killed Ijyb
     8 | D        | Reached skill level 8 in Stealth
     8 | D        | Reached XP level 2. HP: 14/14 MP: 3/3
   261 | D        | Noticed an ogre
   263 | D        | Killed an ogre
   264 | D        | Reached skill level 12 in Stealth
   264 | D        | Reached XP level 3. HP: 17/17 MP: 4/4
   264 | D        | Reached XP level 4. HP: 21/21 MP: 5/5
   276 | D        | Noticed Sigmund
   278 | D        | Killed Sigmund
   278 | D        | Reached ** piety under Trog
   279 | D        | Reached skill level 17 in Stealth
   279 | D        | Reached XP level 5. HP: 24/24 MP: 6/6
   279 | D        | Gained mutation: You are covered in thick fur. (AC +2)
                  | [Felid growth]
   279 | D        | Reached XP level 6. HP: 28/28 MP: 7/7
   291 | D        | Found a shimmering blue altar of Sif Muna.
   292 | D        | Found an ornate altar of the Wu Jian Council.
   293 | D        | Found a radiant altar of Vehumet.
   300 | D        | Found Bithoasi's Assorted Antiques.
   300 | D        | Found an ancient bone altar of Kikubaaqudgha.
   300 | D        | Found a hazy altar of Hepliaklqana.
   300 | D        | Found a stormy altar of Qazlal.
   300 | D        | Found a hide-covered altar of Uskayaw.
   300 | D        | Found a blossoming altar of Fedhas.
   300 | D        | Found a bloodstained altar of Trog.
   300 | D        | Found an iron altar of Okawaru.
   300 | D        | Found a basalt altar of Yredelemnul.
   300 | D        | Found a glowing golden altar of the Shining One.
   300 | D        | Found a snail-covered altar of Cheibriados.
   300 | D        | Found a sacrificial altar of Ru.
   300 | D        | Found a glowing silver altar of Zin.
   300 | D        | Found a shadowy altar of Dithmenos.
   300 | D        | Found a white marble altar of Elyvilon.
   300 | D        | Noticed a yak
   301 | D        | Found an opulent altar of Gozag.
   302 | D        | Killed a yak
   303 | D        | Reached skill level 19 in Stealth
   303 | D        | Found a sparkling altar of Nemelex Xobeh.
   343 | D        | Found a burning altar of Makhleb.
   343 | D        | Found a shimmering altar of Xom.
   343 | D        | Noticed a slime creature
   344 | D        | Found a viscous altar of Jiyva.
   344 | D        | Found a corrupted altar of Lugonu.
   348 | D        | Slain by a slime creature
   349 | D        | Reached XP level 5. HP: -2/24 MP: 6/6
   358 | D        | Noticed a centaur warrior
   358 | D        | Noticed a centaur warrior
   363 | D        | Slain by a centaur warrior

Illustrated notes

Levels and vault maps discovered:
D:        dungeon_sprint_1 [red_sonja_temple_1, red_sonja_temple_small_1]

Skill      XL: |  1  2  3  4  5  6 |
---------------+-------------------+-----
Stealth        | 8 12 17 19 | 19.7
Fighting       | |  3.0
Dodging        | |  4.0
Unarmed Combat | |  3.0

Action                     |  1- 3 |  4- 6 || total
---------------------------+-------+-------++-------
  Melee: Unarmed           |     3 |     7 ||    10
         Bite              |     1 |     2 ||     3
 Invoke: Berserk           |     1 |     1 ||     2
         Trog's Hand       |       |     1 ||     1
   Stab: Sleeping          |     1 |     3 ||     4
 Armour: Skin              |       |     1 ||     1
  Dodge: Dodged            |     2 |     6 ||     8
